 Dungeon Crawl Stone Soup version 0.29-a0-266-gf56f883ddd (webtiles) character file.

Game seed: 995767849442750051

5726 bande the Protected (level 10, -6/59 HPs)
             Began as a Gargoyle Fighter on Mar 7, 2022.
             Was a Priest of Okawaru.
             Mangled by a yak (11 damage)
             ... on level 10 of the Dungeon.
             The game lasted 00:21:38 (16621 turns).

bande the Protected (Gargoyle Fighter)             Turns: 16621, Time: 00:21:38

Health: -6/59      AC: 23    Str: 21    XL:     10   Next: 77%
Magic:  14/14      EV:  7    Int:  8    God:    Okawaru [***...]
Gold:   557        SH: 10    Dex: 11    Spells: 9/9 levels left

rFire   + + .      SeeInvis .   g - +1 hand axe (vorpal)
rCold   . . .      Faith    .   k - +0 kite shield
rNeg    + . .      Spirit   .   j - +0 chain mail
rPois   ∞          Reflect  .   o - +0 helmet
rElec   +          Harm     .   u - +0 cloak
rCorr   .          Rampage  .   h - +1 pair of gloves
Will    .....                   (no boots)
Stlth   ..........              (no amulet)
HPRegen 0.19/turn               i - ring of protection from fire
MPRegen 0.14/turn               q - ring of protection from fire

@: no status effects
A: sickness immunity, AC +7, negative energy resistance 1, electricity
resistance, torment resistance 1, petrification resistance, clumsy 1, low MP 1
a: Renounce Religion, Heroism


You were on level 10 of the Dungeon.
You worshipped Okawaru.
Okawaru was most pleased with you.
You visited 2 branches of the dungeon, and saw 11 of its levels.

You collected 557 gold pieces.

Inventory:

Hand Weapons
 a - a +0 war axe of draining
 c - a +4 morningstar of freezing
 g - a +1 vorpal hand axe (weapon)
Armour
 h - a +1 pair of gloves (worn)
 j - a +0 chain mail (worn)
 k - a +0 kite shield (worn)
 o - a +0 helmet (worn)
 u - a +0 cloak (worn)
Jewellery
 i - a ring of protection from fire (left hand)
 q - a ring of protection from fire (right hand)
Wands
 p - a wand of iceblast (13)
 t - a wand of acid (7)
Scrolls
 e - 5 scrolls of teleportation
 r - a scroll of blinking
 s - 2 scrolls of enchant armour
 w - 2 scrolls of magic mapping
Potions
 d - 2 potions of might
 f - a potion of haste
 l - a potion of resistance
 m - 2 potions of magic
 n - a potion of curing


   Skills:
 + Level 5.3 Fighting
 + Level 7.9 Axes
 + Level 9.0 Armour
 - Level 1.0 Dodging
 + Level 8.6 Shields
 * Level 7.6 Invocations
 * Level 6.2 Evocations


You had 9 spell levels left.
You didn't know any spells.
Your spell library contained the following spells:

 Spells                   Type           Power      Damage    Failure   Level
 Beastly Appendage        Tmut           0%         N/A       100%        1
 Wereblood                Tmut           0%         N/A       100%        2
 Spider Form              Tmut/Pois      0%         N/A       100%        3
 Petrify                  Tmut/Erth      0%         N/A       100%        4
 Irradiate                Conj/Tmut      0%         3d13      100%        5
 Sublimation of Blood     Necr           Unusable   N/A       N/A         2

Dungeon Overview and Level Annotations

Branches:
Dungeon (10/15)            Temple (1/1) D:5             Orc (0/2) D:9
   Lair: D:8-11

Altars:
Ashenzari
Cheibriados
Dithmenos
Elyvilon
Fedhas
Gozag
Hepliaklqana
Kikubaaqudgha
Makhleb
Nemelex Xobeh
Okawaru
Qazlal
Ru
Trog
Uskayaw
Vehumet
Wu Jian
Xom
Yredelemnul
Zin
The Shining One

Shops:
D:4 *   D:6 *   D:8 (


Innate Abilities, Weirdness & Mutations

You are immune to sickness and miasma.
Your stone body is resilient. (AC +7)
You are immune to poison.
You resist negative energy. (rN+)
You are resistant to electric shocks. (rElec)
You are resistant to unholy torment.
You are immune to petrification.
You are clumsy. (Dex -2)
Your magical capacity is low. (-10% MP)


Message History

You block the yak's attack. x2; The yak gores you but does no damage.
The yak gores you!
Unknown command.
You slash the yak!
The yak is moderately wounded.
You hit the yak. x2; You barely miss the yak.
You hit the yak but do no damage. The yak gores you but does no damage.
You block the yak's attack.
The yak gores you but does no damage. x2; The yak gores you.
* * * LOW HITPOINT WARNING * * *
Unknown command.
You hit the yak.
The yak is heavily wounded.
You hit the yak but do no damage. You hit the yak.
You kill the yak!
Okawaru accepts your kill.
You hit the yak. x2; The yak gores you but does no damage.
The yak gores you!
* * * LOW HITPOINT WARNING * * *
The yak gores you but does no damage. x2
Unknown command.
You hit the yak.
The yak is severely wounded.
You barely miss the yak. You hit the yak. You hit the yak but do no damage.
You block the yak's attack. The yak barely misses you.
You block the yak's attack. The yak gores you but does no damage.
Unknown command.
You hit the yak.
The yak is severely wounded.
You hit the yak but do no damage. x3; The yak gores you.
* * * LOW HITPOINT WARNING * * *
The yak gores you but does no damage. x2
Unknown command.
You feel better. The yak gores you but does no damage.
You block the yak's attack.
The yak gores you but does no damage. x2
You block the yak's attack.
It was a potion of mutation.
You feel extremely strange.
You feel clumsy.
You feel less energetic. The yak gores you but does no damage.
The yak gores you!
* * * LOW HITPOINT WARNING * * *
The yak gores you but does no damage. The yak gores you!
You die...

#..# #..... .#####..##
#.... ........). #....
.......... ##...#
########.. ....# # #..
#...# .# #.. #YYY###..#
#.. #Y@Y.....########..
#..........>.......
#..................
#..####...........# #..#
#...........# #..#
#...........#
######..####...........#
........................
........................


You could see 5 yaks.

Vanquished Creatures
  A manticore (D:9)
  The ghost of WindUpCitrus the Quickloader, a novice MiHu (D:7)
  Psyche (D:8)
  A hornet (D:9)
  A yak (D:10)
  A wyvern (D:10)
  2 steam dragons
  4 water moccasins
  An acid dragon (D:5)
  4 ice beasts
  3 black bears
  4 ogres
  4 centaurs
  2 kobold brigands (D:6)
  3 bullfrogs
  A gnoll sergeant (D:7)
  A scorpion (D:5)
  A necrophage (D:6)
  8 wights
  3 killer bees
  3 howler monkeys
  3 hounds
  2 gnoll shamans
  A jelly (D:7)
  Crazy Yiuf (D:7)
  Terence (D:2)
  4 iguanas
  2 orc wizards
  A scorpion zombie (D:4)
  2 hound zombies (D:4)
  6 adders
  22 gnolls
  A shadow imp (D:6)
  3 white imps
  An adder skeleton (D:4)
  The ghost of spaghetti the Sneak, a weakling DsDe (D:6)
  6 dart slugs
  11 orcs
  10 endoplasms
  A giant cockroach (D:3)
  8 goblins
  13 hobgoblins
  2 jackals (D:2)
  5 quokkas
  4 ball pythons
  9 bats
  5 frilled lizards
  A jackal skeleton (D:4)
  20 kobolds
  A quokka zombie (D:4)
  5 rats
202 creatures vanquished.

Vanquished Creatures (others)
  3 withered plants (D:4)
3 creatures vanquished.

Grand Total: 205 creatures vanquished

Notes
Turn   | Place    | Note
-------+----------+-------------------------------------------
     0 | D:1      | bande the Gargoyle Fighter began the quest for the Orb.
     0 | D:1      | Reached XP level 1. HP: 14/14 MP: 1/1
    91 | D:1      | Reached skill level 1 in Dodging
    91 | D:1      | Reached XP level 2. HP: 10/19 MP: 2/2
   582 | D:1      | Found a faded altar of an unknown god.
   583 | D:1      | Noticed a great orb of eyes
   596 | D:1      | Noticed a floating eye
   600 | D:1      | Noticed a floating eye
   600 | D:1      | Noticed a floating eye
   675 | D:1      | Reached XP level 3. HP: 23/23 MP: 3/3
  1426 | D:2      | Noticed Terence
  1441 | D:2      | Killed Terence
  1442 | D:2      | Reached XP level 4. HP: 25/29 MP: 4/4
  2473 | D:3      | Reached skill level 4 in Armour
  2492 | D:3      | Reached XP level 5. HP: 18/33 MP: 5/5
  3129 | D:3      | Reached skill level 7 in Armour
  3129 | D:3      | Reached skill level 5 in Invocations
  3129 | D:3      | Reached XP level 6. HP: 38/38 MP: 5/10
  3242 | D:3      | Found a bloodstained altar of Trog.
  3350 | D:3      | Found a radiant altar of Vehumet.
  3350 | D:3      | Found a blossoming altar of Fedhas.
  3398 | D:4      | Found a burning altar of Makhleb.
  3739 | D:4      | Reached XP level 7. HP: 40/42 MP: 11/11
  4055 | D:4      | Found a sparkling altar of Nemelex Xobeh.
  4140 | D:4      | Found a shadowy altar of Dithmenos.
  4466 | D:4      | HP: 2/42 [black bear (6)]
  5022 | D:4      | Found Zulire's Serpentskin Sales.
  5048 | D:4      | Reached XP level 8. HP: 11/48 MP: 12/12
  5055 | D:4      | Reached skill level 5 in Evocations
  5678 | D:5      | Entered Level 5 of the Dungeon
  5891 | D:5      | Found a staircase to the Ecumenical Temple.
  5926 | Temple   | Entered the Ecumenical Temple
  6140 | Temple   | Became a worshipper of Warmaster Okawaru
  7488 | D:5      | Found a faded altar of an unknown god.
  7523 | D:5      | Reached skill level 8 in Armour
  7731 | D:5      | Found a sacrificial altar of Ru.
  8220 | D:6      | Found Ruinkai's Elemental Accessories.
  8291 | D:6      | Found an ornate altar of the Wu Jian Council.
  8384 | D:6      | Found a basalt altar of Yredelemnul.
  8425 | D:6      | Reached XP level 9. HP: 28/52 MP: 13/13
  8662 | D:6      | Reached * piety under Okawaru
  8733 | D:6      | Found a runed translucent gate.
  8733 | D:6      | Found a runed translucent gate.
  8733 | D:6      | Found a runed translucent gate.
  8734 | D:6      | Noticed spaghetti's ghost (weakling DsDe)
  8736 | D:6      | Noticed WindUpCitrus's ghost (novice MiHu)
  9486 | D:7      | Killed WindUpCitrus's ghost
  9486 | D:7      | Reached ** piety under Okawaru
  9792 | D:6      | Killed spaghetti's ghost
 10162 | D:7      | Found a stormy altar of Qazlal.
 11458 | D:7      | Reached XP level 10. HP: 58/58 MP: 15/15
 11672 | D:7      | Found a runed translucent door.
 11673 | D:7      | Noticed Crazy Yiuf
 11811 | D:7      | Killed Crazy Yiuf
 12744 | D:8      | Reached *** piety under Okawaru
 12892 | D:8      | Noticed Psyche
 13343 | D:8      | Found a hide-covered altar of Uskayaw.
 13709 | D:8      | Found Ozoiwnak's Antique Weapon Shop.
 13819 | D:8      | Found a glowing silver altar of Zin.
 13925 | D:8      | Killed Psyche
 13926 | D:8      | Reached skill level 5 in Fighting
 14164 | D:9      | Found a staircase to the Orcish Mines.
 14296 | D:9      | Noticed a manticore
 14329 | D:9      | Killed a manticore
 15529 | D:9      | Received a gift from Okawaru
 15530 | D:9      | Reached skill level 9 in Armour
 16025 | D:10     | Entered Level 10 of the Dungeon
 16621 | D:10     | Gained mutation: You are clumsy. (Dex -2) [potion of
                  | mutation]
 16621 | D:10     | Gained mutation: Your magical capacity is low. (-10% MP)
                  | [potion of mutation]
 16621 | D:10     | Mangled by a yak

Illustrated notes

Levels and vault maps discovered:
D:1:      dpeg_arrival_water_temple_mockup, layout_loops_corners,
          hellmonk_ecumenical_altar_watching_god, minmay_misc_feat_rows
D:2:      layout_basic, uniq_terence
D:3:      layout_rooms, trog_butcher_becter, gammafunk_temple_overflow_elements
D:4:      layout_layer_cave, mainiacjoe_overflow_concentric_impassable,
          mainiacjoe_overflow_alcove_1, nicolae_dithmenos_shadow_blocks,
          serial_undead, serial_undead_f, serial_undead_e, serial_undead_f,
          serial_undead_f, guppyfry_shop_venom
D:5:      layout_cave_pods, mainiacjoe_overflow_cross_hatched,
          minmay_temple_entry_arrows, serial_column_ruins,
          column_ruins_temple_hut, column_ruins_open_tiny,
          column_ruins_columns_straight, column_ruins_corridor_dead_end,
          column_ruins_columns_straight
D:6:      layout_basic, mainiacjoe_overflow_24_doors, amcnicky_altar_gilded,
          nicolae_ossuary_entry_plus, gammafunk_ghost_cemetery,
          nicolae_elemental_shop, grunt_tough_drop
D:7:      layout_rooms, grunt_qazlal_clouds, kennysheep_crisscross,
          uniq_crazy_yiuf_cottage
D:8:      layout_basic, nicolae_uskayaw_dance_hall, zin_treasury, serial_shops,
          nicolae_inconvenience_store, uniq_psyche
D:9:      layout_irregular_city, orc_0_dummy
D:10:     layout_small_grid, led_sif_book
Temple:   compressed_dpeg_triangle_lava_temple

Skill      XL: |  1  2  3  4  5  6  7  8  9 10 |
---------------+-------------------------------+-----
Axes           | 2 3 6 7 |  7.9
Dodging        | 1 |  1.0
Armour         | 4 7 8 9 |  9.0
Shields        | 7 8 |  8.6
Invocations    | 5 6 7 |  7.6
Evocations     | 4 5 6 |  6.2
Fighting       | 4 5 |  5.3

Action                   |  1- 3 |  4- 6 |  7- 9 | 10-12 || total
-------------------------+-------+-------+-------+-------++-------
Melee: War axe           |   115 |    13 |       |       ||   128
       Hand axe          |       |   220 |   374 |   277 ||   871
  Use: Scroll            |     3 |     5 |     9 |     2 ||    19
       Potion            |       |     1 |       |     4 ||     5
Armor: Scale mail        |    78 |    55 |       |       ||   133
       Chain mail        |       |    73 |   275 |   239 ||   587
       Skin              |       |       |       |     3 ||     3
Dodge: Dodged            |    61 |    79 |   152 |   104 ||   396
Block: Buckler           |    32 |    50 |    38 |       ||   120
       Kite shield       |       |       |   183 |   197 ||   380

Table legend: (Time is in decaauts)
 A = Elapsed time spent in this place.
 B = Non-inter-level travel time spent in this place.
 C = Inter-level travel time spent in this place.
 D = Time resting spent in this place.
 E = Time spent auto-exploring this place.
 F = Levels seen in this place.
 G = Mean time per level.
                   A        B        C        D        E       F      G
               +--------+--------+--------+--------+--------+-----+--------+
         Total |  16758 |  16618 |    140 |   6305 |   7795 |  11 | 1523.5 |
       Dungeon |  16430 |  16290 |    140 |   6305 |   7517 |  10 | 1643.0 |
        Temple |    327 |    327 |      0 |      0 |    278 |   1 |  327.0 |
               +--------+--------+--------+--------+--------+-----+--------+

Top non-repeatable levels by time:
     D:6: 2479 daAuts
     D:4: 2299 daAuts
     D:7: 2102 daAuts
     D:5: 2102 daAuts
     D:8: 1723 daAuts
     D:9: 1665 daAuts
     D:1: 1383 daAuts
     D:2: 1264 daAuts
     D:3: 811 daAuts
    D:10: 597 daAuts
  Temple: 327 daAuts
